 Dungeon Crawl Stone Soup version 0.31-a0-4-gefa6de2278 (webtiles) character file.

Game seed: 1044459172512846488

294 bobo the Magician (level 6, -3/46 HPs)
             Began as a Djinni Conjurer on May 4, 2023.
             Shot with an arrow by a centaur (9 damage)
             ... on level 4 of the Dungeon.
             The game lasted 00:06:52 (3067 turns).

bobo the Magician (Djinni Conjurer)                 Turns: 3067, Time: 00:06:53

Health: -3/46      AC:  3    Str:  6    XL:     6   Next: 60%
Gold:   63         EV: 12    Int: 22    God:
                   SH:  0    Dex: 11

rFire   + + .        (no weapon)
rCold   x . .        (no shield)
rNeg    . . .        a - +0 robe
rPois   ∞            (no helmet)
rElec   .            m - +0 cloak
rCorr   .            (no gloves)
SInv    .            (boots unavailable)
Will    .....        (no amulet)
Stlth   ++           (no ring)
HPRegen 0.27/turn    (no ring)
MPRegen 0.00/turn

%: infuse magic (-4 HP)
@: flying
A: sickness immunity, fire resistance 2, cold vulnerability 1, float, innate
caster, HP casting, extra vitality 1
a: no special abilities


You were on level 4 of the Dungeon.
You visited 1 branch of the dungeon, and saw 4 of its levels.

You collected 63 gold pieces.

Inventory:

Armour
 a - a +0 robe (worn)
 m - a +0 cloak (worn)
Jewellery
 l - a ring of fire
 p - a ring of see invisible
Scrolls
 b - 4 scrolls of identify
 c - a scroll of poison {unknown}
 d - a scroll of immolation {unknown}
 e - a scroll of silence {unknown}
 g - a scroll of magic mapping {unknown}
 h - a scroll of fog {unknown}
 i - a scroll of noise {unknown}
 j - a scroll of enchant armour {unknown}
 k - a scroll of amnesia {unknown}
 n - a scroll of vulnerability {unknown}
 r - a scroll of enchant weapon {unknown}
Potions
 f - 4 potions of curing
 o - a potion of ambrosia
 q - a potion of flight {unknown}
 s - a potion of resistance {unknown}


   Skills:
 + Level 3.6 Fighting
 - Level 2.1 Dodging
 - Level 1.5 Stealth
 * Level 4.9 Spellcasting


You knew the following spells:

 Your Spells              Type           Power      Damage    Failure   Level
a - Magic Dart            Conj           100%       1d8       1%          1
d - Dazzling Flash        Conj/Hex       54%        N/A       4%          3
f - Fulminant Prism       Conj/Hex       13%        3d9       13%         4
n - Necrotise             Necr           100%       1d9       1%          1
q - Poisonous Vapours     Pois/Air       54%        N/A       1%          2
s - Searing Ray           Conj           54%        2d6       1%          2
x - Iskenderun's Mystic   Conj/Tloc      27%        2d7       13%         4
Your spell library was empty.

Dungeon Overview and Level Annotations

Branches:
Dungeon (4/15)
 Temple: D:4-7

Altars:

Annotations:
D:4 2 transporters, Ijyb; nononono's ghost, weakling VSBr


Innate Abilities, Weirdness & Mutations

You are immune to sickness and miasma.
You are immune to poison.
Your flesh is very heat resistant. (rF++)
You are vulnerable to cold. (rC-)
You float through the air rather than walking.
You learn spells naturally, not from books.
Your magical power is your life essence.
You have superior vitality. (+4 MHP)


Message History

Ijyb barely misses you.
The searing ray hits Ijyb but does no damage.
Ijyb is moderately wounded.
Ijyb hits you with a +0 club.
The searing ray hits Ijyb.
Ijyb is moderately wounded.
Ijyb hits you but does no damage.
The searing ray hits Ijyb.
Ijyb is heavily wounded.
You finish channelling your searing ray.
Ijyb hits you with a +0 club.
Casting: Searing Ray (safe; 1% risk of failure)
Confirm with . or Enter, or press ? or * to list all spells.
Aiming: Searing Ray (safe; 1% risk of failure)
Press: ? - help, Shift-Dir - straight line The searing ray hits Ijyb.
Ijyb is heavily wounded. (Press . to maintain the ray.) Ijyb hits you with a +0 club.
* * * LOW HITPOINT WARNING * * *
Casting: Searing Ray (safe; 1% risk of failure)
Confirm with . or Enter, or press ? or * to list all spells.
The spell is quite dangerous to miscast (13% risk of failure)!
Continue anyway?
You erupt in a blast of force!
The mystic blast hits Ijyb!
Ijyb is almost dead.
Ijyb is knocked back by the mystic blast.
* * * LOW HITPOINT WARNING * * *
Casting: Iskenderun's Mystic Blast (quite dangerous; 13% risk of failure)
Confirm with . or Enter, or press ? or * to list all spells.
Aiming: Searing Ray (safe; 1% risk of failure)
Press: ? - help, Shift-Dir - straight line, f - Ijyb
Aim: Ijyb, wielding a +0 club, wearing a +0 chain mail and carrying a wand of digging (1) (almost dead, 79% to hit)
The searing ray hits Ijyb but does no damage.
Ijyb is almost dead. (Press . to maintain the ray.)
* * * LOW HITPOINT WARNING * * *
A centaur comes into view.
The centaur wields a +0 shortbow.
The centaur shoots an arrow.
The arrow hits you!
You die...

#### ...# # ##.#### #.
......# #. .#.##.# #.
######### ...##.#
#.#@.......
.####.#########..######c
.# #..............# .#
############g..# .#
#.#)# ## #.... # #.#.#.
# #.#.... ##### #.###.##


You could see Ijyb and a centaur.

Vanquished Creatures
  Sigmund (D:2)
  Crazy Yiuf (D:2)
  Jessica (D:2)
  2 adders
  A worm (D:2)
  4 dart slugs
  5 endoplasms
  6 giant cockroaches
  6 goblins
  5 hobgoblins
  4 jackals (D:1)
  A quokka (D:1)
  6 ball pythons
  2 bats (D:2)
  2 frilled lizards (D:2)
  6 kobolds
  A rat (D:1)
54 creatures vanquished.

Vanquished Creatures (collateral kills)
  A hobgoblin (D:2)
1 creature vanquished.

Vanquished Creatures (others)
  3 fulminant prisms (D:4)
3 creatures vanquished.

Grand Total: 58 creatures vanquished

Notes
Turn   | Place    | Note
-------+----------+-------------------------------------------
     0 | D:1      | bobo the Djinni Conjurer began the quest for the Orb.
     0 | D:1      | bobo set off with the following spells memorised: Magic
                  | Dart, Searing Ray, Dazzling Flash, Fulminant Prism,
                  | Iskenderun's Mystic Blast.
     0 | D:1      | Reached XP level 1. HP: 15/15 MP: 0/0
    98 | D:1      | Reached skill level 1 in Fighting
    98 | D:1      | Reached XP level 2. HP: 13/22 MP: 0/0
   277 | D:1      | Reached XP level 3. HP: 15/27 MP: 0/0
   277 | D:1      | Learned a level 1 spell: Necrotise
  1324 | D:2      | Reached XP level 4. HP: 30/33 MP: 0/0
  1341 | D:2      | Found a faded altar of an unknown god.
  1775 | D:2      | Noticed Jessica
  1779 | D:2      | Killed Jessica
  1780 | D:2      | Reached skill level 4 in Spellcasting
  1814 | D:2      | Noticed Sigmund
  1846 | D:2      | Killed Sigmund
  1847 | D:2      | Reached XP level 5. HP: 38/40 MP: 0/0
  1847 | D:2      | Learned a level 2 spell: Poisonous Vapours
  1847 | D:2      | Reached XP level 6. HP: 44/46 MP: 0/0
  1916 | D:2      | Found a runed translucent door.
  1917 | D:2      | Noticed Crazy Yiuf
  2148 | D:2      | Killed Crazy Yiuf
  2873 | D:4      | Noticed an ogre
  2875 | D:4      | Noticed nononono's ghost (weakling VSBr)
  2876 | D:4      | Found a transporter.
  2876 | D:4      | Noticed an ogre
  2881 | D:4      | Found a transporter.
  3050 | D:4      | Noticed Ijyb
  3067 | D:4      | Shot with an arrow by a centaur

Illustrated notes

Levels and vault maps discovered:
D:1:      ncdulo_lavacross, layout_basic, minmay_tetromino_i2
D:2:      layout_basic, shapermc_ecumenical_altar_pompeii,
          minmay_misc_feat_square, uniq_jessica, uniq_crazy_yiuf_cottage,
          uniq_sigmund
D:3:      layout_basic
D:4:      layout_loops_ring, minmay_temple_entry_proselytizer,
          gammafunk_ghost_smash, kennysheep_cross_room, uniq_ijyb

Skill      XL: |  1  2  3  4 |
---------------+-------------+-----
Fighting       | 1 2 3 |  3.6
Spellcasting   | 4 |  4.9
Dodging        | |  2.1
Stealth        | |  1.5

Action                     |  1- 3 |  4- 6 || total
---------------------------+-------+-------++-------
   Cast: Magic Dart        |    35 |    21 ||    56
         Searing Ray       |     8 |    11 ||    19
         Necrotise         |    14 |     4 ||    18
         Fulminant Prism   |       |     3 ||     3
         Iskenderun's Myst |       |     1 ||     1
         Poisonous Vapours |       |     1 ||     1
    Use: Potion            |       |     1 ||     1
         Scroll            |       |     1 ||     1
 Armour: Robe              |     2 |     1 ||     3
  Dodge: Dodged            |     7 |    13 ||    20

Table legend: (Time is in decaauts)
 A = Elapsed time spent in this place.
 B = Non-inter-level travel time spent in this place.
 C = Inter-level travel time spent in this place.
 D = Time resting spent in this place.
 E = Time spent auto-exploring this place.
 F = Levels seen in this place.
 G = Mean time per level.
                   A        B        C        D        E       F      G
               +--------+--------+--------+--------+--------+-----+--------+
         Total |   3071 |   3004 |     67 |    121 |   2588 |   4 |  767.8 |
       Dungeon |   3071 |   3004 |     67 |    121 |   2588 |   4 |  767.8 |
               +--------+--------+--------+--------+--------+-----+--------+

Top non-repeatable levels by time:
     D:1: 1190 daAuts
     D:2: 1113 daAuts
     D:3: 567 daAuts
     D:4: 200 daAuts
